 Dungeon Crawl Stone Soup version 0.19-b1-1-g9a3527e (webtiles) character file.

79 Sand the Ruffian (level 4, -2/35 HPs)
             Began as a Ghoul Artificer on Oct 27, 2016.
             Killed from afar by Shufflesack's ghost (10 damage)
             ... with a magic dart
             ... on level 3 of the Dungeon.
             The game lasted 00:09:29 (1498 turns).

Sand the Ruffian (Ghoul Artificer)                  Turns: 1498, Time: 00:09:29

Health: -2/35      AC:  4    Str: 16    XL:     4   Next: 38%
Magic:  5/5        EV: 11    Int:  6    God:
Gold:   139        SH:  0    Dex:  9    Spells: 0 memorised, 3 levels left

rFire  . . .     SeeInvis .       - Unarmed
rCold  + . .     Gourm    .     b - +0 leather armour
rNeg   + + +     Faith    .     (no shield)
rPois  ∞         Spirit   .     t - +0 helmet
rElec  .         Reflect  .     (no cloak)
rCorr  .         Harm     .     (no gloves)
MR     .....                    (no boots)
Stlth  +.........               (no amulet)
                                (no ring)
                                (no ring)

@: rotting
A: rotting body, claws 1, carnivore 3, cold resistance 1, negative energy
resistance 3, slow regeneration 1, torment resistance, unbreathing
a: no special abilities


You were on level 3 of the Dungeon.
You were not hungry.

You visited 1 branch of the dungeon, and saw 3 of its levels.

You collected 139 gold pieces.

Inventory:

Hand Weapons
 a - a +0 short sword
Missiles
 i - 28 poisoned needles
 k - 3 curare-tipped needles
Armour
 b - a +0 leather armour (worn)
 t - a +0 helmet (worn)
Jewellery
 m - a cursed +4 ring of strength {unknown}
Wands
 c - a wand of flame (15/48)
 d - a wand of enslavement (15/24)
 e - a wand of random effects (15/48)
Scrolls
 g - 3 scrolls of enchant weapon {unknown}
 h - a scroll of amnesia {unknown}
 l - a scroll of random uselessness {unknown}
 n - 2 scrolls of teleportation {unknown}
 p - 2 scrolls of identify {unknown}
 q - a scroll of fog {unknown}
 r - a scroll of remove curse {unknown}
Potions
 j - 3 potions of curing {unknown}
 o - a potion of might {unknown}
 u - a potion of resistance {unknown}
Comestibles
 f - 3 meat rations
 s - 6 chunks of flesh


   Skills:
 - Level 1.1 Fighting
 - Level 0.8 Short Blades
 - Level 1.7 Dodging
 - Level 1.1 Stealth
 + Level 4.2 Unarmed Combat
 - Level 2.6 Evocations


You had 3 spell levels left.
You didn't know any spells.

Dungeon Overview and Level Annotations

Branches:
Dungeon (3/15)

Altars:
Gozag
Uskayaw

Annotations:
D:3 Shufflesack's ghost, amateur DECj


Innate Abilities, Weirdness & Mutations

Your body is rotting away.
You thrive on raw meat.
You are immune to poison.
You have sharp fingernails.
You are carnivorous and can eat meat at any time.
Your flesh is cold resistant. (rC+)
You are immune to negative energy. (rN+++)
You regenerate slowly when monsters are visible.
You are immune to unholy pain and torment.
You can survive without breathing.


Message History

Shufflesack's ghost is lightly damaged.
Shufflesack's ghost hits you.
You completely miss Shufflesack's ghost.
Shufflesack's ghost is lightly damaged.
Shufflesack's ghost barely misses you.
You scratch Shufflesack's ghost but do no damage.
Shufflesack's ghost is lightly damaged.
Shufflesack's ghost hits you but does no damage.
You claw Shufflesack's ghost!
Shufflesack's ghost is moderately damaged.
Shufflesack's ghost hits you.
Some of the chunks of flesh in your inventory have rotted away.
You scratch Shufflesack's ghost.
Shufflesack's ghost is heavily damaged.
Shufflesack's ghost points at you and mumbles some strange words.
The magic dart hits you!
* * * LOW HITPOINT WARNING * * *
Shufflesack's ghost points at you and mumbles some strange words.
The magic dart hits you!
You die...

.. ..# ... ####### .# #.#
#... #....)# .##.#### #...
.##.....# #......####...
........### #.............
.#......gW####.#...........
#......#.#................
#......#.@.......#..##....
#......###.##.......##.<..
#.###### #.##.#####.##...)
... #.##.......##.... #.
#.###########.... #.#
#..... #.# #########....
..# #............ ###
#.###.##.#..#


You could see Shufflesack's ghost and a goblin.

Vanquished Creatures
  Ijyb (D:3)
  An ooze (D:3)
  A worm (D:2)
  A dart slug (D:1)
  3 leopard geckos
  A giant cockroach (D:2)
  5 goblins
  7 hobgoblins
  6 jackals
  3 kobolds
  3 bats
  A frilled lizard (D:2)
  5 rats
38 creatures vanquished.

Notes
Turn   | Place    | Note
-------+----------+-------------------------------------------
     0 | D:1      | Sand the Ghoul Artificer began the quest for the Orb.
     0 | D:1      | Reached XP level 1. HP: 16/16 MP: 1/1
   133 | D:1      | Reached skill level 1 in Unarmed Combat
   202 | D:1      | Reached XP level 2. HP: 17/23 MP: 3/3
   256 | D:1      | Reached skill level 2 in Unarmed Combat
   678 | D:2      | Found a hide-covered altar of Uskayaw.
   697 | D:2      | Reached XP level 3. HP: 9/28 MP: 4/4
   813 | D:2      | Reached skill level 3 in Unarmed Combat
  1204 | D:3      | Noticed Ijyb
  1231 | D:3      | Killed Ijyb
  1231 | D:3      | Reached skill level 4 in Unarmed Combat
  1231 | D:3      | Reached XP level 4. HP: 25/35 MP: 5/5
  1396 | D:3      | Found an opulent altar of Gozag.
  1476 | D:3      | Noticed Shufflesack's ghost (amateur DECj)
  1498 | D:3      | Killed from afar by Shufflesack's ghost

Skill      XL: |  1  2  3 |
---------------+----------+-----
Unarmed Combat | 1 2 4 |  4.2
Fighting       | |  1.1
Short Blades   | |  0.8
Dodging        | |  1.7
Stealth        | |  1.1
Evocations     | |  2.6

Action                   |  1- 3 |  4- 6 || total
-------------------------+-------+-------++-------
Melee: Unarmed           |   108 |    35 ||   143
       Punch             |     1 |       ||     1
  Eat: Chunk             |    18 |     4 ||    22
Armor: Leather armour    |    21 |     7 ||    28
Dodge: Dodged            |    43 |    15 ||    58
